 Dungeon Sprint DCSS version 0.27-a0-74-gebd156f8b4 (webtiles) character file.

Game seed: 11193159485269002578

3053 rocky1 the Earth Mage (level 9, -23/48 HPs)
             Began as a Gargoyle Earth Elementalist on Jan 10, 2021.
             Was an Elder of Sif Muna.
             Annihilated by Donald
             ... wielding a +2 war axe of holy wrath
              (32 damage)
             ... in the Dungeon (Sprint III: "The Ten Rune Challenge") on Jan 12, 2021.
             The game lasted 00:09:27 (1818 turns).

rocky1 the Earth Mage (Gargoyle Earth Elementalist) Turns: 1818, Time: 00:09:28

Health: -23/48     AC:  9    Str: 11    XL:     9   Next: 87%
Magic:  9/23       EV: 12    Int: 20    God:    Sif Muna [****..]
Gold:   21         SH:  0    Dex: 10    Spells: 15/28 levels left

rFire    . . .     SeeInvis .   a - +0 club
rCold    . . .     Faith    .   (no shield)
rNeg     + . .     Spirit   .   c - +0 robe
rPois    ∞         Reflect  .   (no helmet)
rElec    +         Harm     .   l - +0 cloak
rCorr    .         Rampage  .   (no gloves)
Will     .....     NoTele   +   (no boots)
Stlth    ++........             (no amulet)
HPRegen  0.16/turn              (no ring)
MPRegen  0.18/turn              (no ring)

@: no status effects
A: negative energy resistance 1, electricity resistance, unbreathing,
petrification resistance, miasma immunity, AC +6
a: Renounce Religion, Channel Magic, Forget Spell, Divine Exegesis


You were in the Dungeon.
You worshipped Sif Muna.
Sif Muna was greatly pleased with you.
You visited 1 branch You collected 21 gold pieces.

Inventory:

Hand Weapons
 a - a +0 club (weapon)
 r - a +2 long sword of holy wrath
Missiles
 b - 23 stones
Armour
 c - a +0 robe (worn)
 l - a +0 cloak (worn)
Wands
 s - a wand of enslavement (9)
Scrolls
 i - a scroll of blinking
 j - 2 scrolls of identify {unknown}
 n - 2 scrolls of holy word {unknown}
 o - a scroll of magic mapping {unknown}
 p - 2 scrolls of remove curse {unknown}
Potions
 d - a potion of curing
 e - a potion of heal wounds
 f - a potion of haste
 g - 2 potions of magic
 h - a potion of berserk rage
 k - 3 potions of flight {unknown}
 m - 3 potions of mutation {unknown}
 q - 2 potions of might
 u - a potion of ambrosia {unknown}
Miscellaneous
 t - a phial of floods


   Skills:
 + Level 1.8 Fighting
 + Level 2.2 Dodging
 - Level 2.1 Stealth
 + Level 10.4 Spellcasting
 + Level 7.8 Conjurations
 + Level 6.0 Transmutations
 + Level 15.3 Earth Magic
 + Level 10.4 Invocations


You had 15 spell levels left.
You knew the following spells:

 Your Spells              Type           Power        Failure   Level
a - Sandblast             Erth           100%         0%          1
b - Stone Arrow           Conj/Erth      100%         1%          3
c - Lee's Rapid Deconstr  Erth           32%          1%          5
d - Petrify               Tmut/Erth      52%          1%          4

Your spell library contained the following spells:

 Spells                   Type           Power        Failure   Level
 Passwall                 Tmut/Erth      43%          1%          2
 Confusing Touch          Hex            10%          21%         3
 Gell's Gravitas          Tloc           5%           21%         3
 Yara's Violent Unravell  Hex/Tmut       11%          47%         5
 Metabolic Englaciation   Hex/Ice        5%           88%         5


Dungeon Overview and Level Annotations

Branches:
Dungeon (1/1)

Altars:
Cheibriados
Dithmenos
Elyvilon
Fedhas
Gozag
Hepliaklqana
Kikubaaqudgha
Makhleb
Nemelex Xobeh
Okawaru
Qazlal
Ru
Sif Muna
Trog
Uskayaw
Vehumet
Wu Jian
Xom
Yredelemnul
Zin
The Shining One
Beogh
Jiyva
Lugonu

Annotations:
D Donald, Frances


Innate Abilities, Weirdness & Mutations

You are resistant to torment.
Your stone body is resilient. (AC +6)
You are immune to poison.
You resist negative energy. (rN+)
You are resistant to electric shocks. (rElec)
You can survive without breathing.
You are immune to petrification.
You are immune to miasma.


Message History

Donald hits you with a +2 war axe of holy wrath!!
Ouch! That really hurt!
Frances throws a curare-tipped dart.
The curare-tipped dart misses you.
Casting: Lee's Rapid Deconstruction (dangerous; 1% risk of failure)
Confirm with . or Enter, or press ? or * to list all spells.
Aiming: Lee's Rapid Deconstruction (dangerous; 1% risk of failure)
Press: ? - help, Dir - move target A rock wall.
The wall shatters!
The blast of rock fragments hits Frances!!
Frances is heavily wounded.
The blast of rock fragments hits Donald!!
Donald is heavily wounded.
Donald hits you with a +2 war axe of holy wrath!
* * * LOW HITPOINT WARNING * * *
Frances throws a curare-tipped dart.
The curare-tipped dart closely misses you.
Donald hits you with a +2 war axe of holy wrath!!
Ouch! That really hurt!
You die...

#####################
...#.#.#.....#......+
.#))#.##.###)#^...^.#
#.#.#.##.#..##...^^.#
..#..#..##.)'†...^.(#
▓▓▓▓▓▓▓▓▓▓▓▓#(^..^..#
#.^.....# +.^.@...#
#...@..^# ##@######
#... #.@.# #...#
#####


You could see Frances (fast) and Donald (fast, strong).

Vanquished Creatures
  Erolcha (D)
  A deep elf mage (D)
  2 redbacks (D)
  A shadow (D)
  A spatial vortex (D)
  A necrophage (D)
  5 two-headed ogres (D)
  A water elemental (D)
  A jelly (D)
  Crazy Yiuf (D)
  A wizard (D)
  Jessica (D)
  A necromancer (D)
  3 humans (D)
  A kobold demonologist (D)
  3 rats (D)
25 creatures vanquished.

Notes
Turn   | Place    | Note
-------+----------+-------------------------------------------
     0 | D        | rocky1 the Gargoyle Earth Elementalist began the quest for
                  | the Orb.
     0 | D        | Reached XP level 1. HP: 10/10 MP: 3/3
    11 | D        | Reached skill level 4 in Earth Magic
   110 | D        | Noticed Jessica
   128 | D        | Killed Jessica
   129 | D        | Reached skill level 8 in Earth Magic
   129 | D        | Reached XP level 2. HP: 7/15 MP: 0/5
   129 | D        | Reached XP level 3. HP: 9/19 MP: 0/6
   308 | D        | Learned a level 3 spell: Stone Arrow
   309 | D        | Noticed Crazy Yiuf
   316 | D        | Killed Crazy Yiuf
   317 | D        | Reached skill level 9 in Earth Magic
   458 | D        | Reached XP level 4. HP: 24/24 MP: 3/8
   459 | D        | Upgraded the game from 0.27-a0-67-g4bfc8a49e1 to
                  | 0.27-a0-74-gebd156f8b4
   524 | D        | Noticed a water elemental
   530 | D        | Killed a water elemental
   531 | D        | Reached skill level 10 in Earth Magic
   531 | D        | Reached XP level 5. HP: 28/28 MP: 6/11
   700 | D        | Learned a level 5 spell: Lee's Rapid Deconstruction
   705 | D        | Learned a level 4 spell: Petrify
   714 | D        | Found a radiant altar of Vehumet.
   714 | D        | Found a shimmering blue altar of Sif Muna.
   714 | D        | Found an ancient bone altar of Kikubaaqudgha.
   717 | D        | Reached skill level 5 in Spellcasting
   717 | D        | Reached skill level 11 in Earth Magic
   726 | D        | Became a worshipper of Sif Muna the Loreminder
   798 | D        | Found a glowing silver altar of Zin.
   798 | D        | Found a glowing golden altar of the Shining One.
   798 | D        | Found a white marble altar of Elyvilon.
   798 | D        | Noticed a deep elf mage
   805 | D        | Killed a deep elf mage
   806 | D        | Reached skill level 13 in Earth Magic
   806 | D        | Reached XP level 6. HP: 17/32 MP: 0/17
   806 | D        | Reached XP level 7. HP: 19/36 MP: 0/18
   948 | D        | Found a hide-covered altar of Uskayaw.
   948 | D        | Found a roughly hewn altar of Beogh.
   948 | D        | Found an iron altar of Okawaru.
   948 | D        | Found a bloodstained altar of Trog.
   948 | D        | Found an ornate altar of the Wu Jian Council.
   948 | D        | Noticed a human
   948 | D        | Noticed a human
   950 | D        | Killed a human
   951 | D        | Killed a human
   951 | D        | Reached * piety under Sif Muna
   952 | D        | Reached XP level 8. HP: 41/41 MP: 3/20
  1057 | D        | Found a basalt altar of Yredelemnul.
  1057 | D        | Found a shadowy altar of Dithmenos.
  1057 | D        | Found a sacrificial altar of Ru.
  1097 | D        | Reached ** piety under Sif Muna
  1097 | D        | Noticed a shadow
  1100 | D        | Killed a shadow
  1101 | D        | Reached skill level 14 in Earth Magic
  1200 | D        | Found a blossoming altar of Fedhas.
  1200 | D        | Found a stormy altar of Qazlal.
  1200 | D        | Found a snail-covered altar of Cheibriados.
  1200 | D        | Found a burning altar of Makhleb.
  1200 | D        | Found a shimmering altar of Xom.
  1201 | D        | Found a hazy altar of Hepliaklqana.
  1201 | D        | Found an opulent altar of Gozag.
  1201 | D        | Found a sparkling altar of Nemelex Xobeh.
  1201 | D        | Found a corrupted altar of Lugonu.
  1201 | D        | Found a viscous altar of Jiyva.
  1265 | D        | Reached *** piety under Sif Muna
  1266 | D        | Reached skill level 5 in Conjurations
  1358 | D        | Noticed a two-headed ogre
  1360 | D        | Killed a two-headed ogre
  1361 | D        | Reached XP level 9. HP: 10/45 MP: 2/22
  1624 | D        | Noticed Erolcha
  1625 | D        | Noticed a two-headed ogre
  1627 | D        | Killed Erolcha
  1627 | D        | Reached **** piety under Sif Muna
  1628 | D        | Reached skill level 10 in Spellcasting
  1628 | D        | Reached skill level 5 in Transmutations
  1628 | D        | Reached skill level 15 in Earth Magic
  1628 | D        | Reached skill level 10 in Invocations
  1630 | D        | Killed a two-headed ogre
  1631 | D        | Reached skill level 1 in Fighting
  1810 | D        | Noticed Donald
  1810 | D        | Noticed Frances
  1818 | D        | Annihilated by Donald

Illustrated notes

Levels and vault maps discovered:
D:        dungeon_sprint_mu [sprint_mu_entry_cave, sprint_mu_temple_rooms,
          sprint_mu_d1_spiders, sprint_mu_d2_genie, sprint_mu_d3_branching,
          sprint_mu_orc_legion, sprint_mu_elf_gauntlet, sprint_mu_hive_nellie,
          sprint_mu_lair_fedhas, sprint_mu_vaults_butterflies,
          sprint_mu_slime_circle, sprint_mu_shoals_kraken,
          sprint_mu_snake_twists, sprint_mu_blade_basic,
          sprint_mu_crypt_chambers, sprint_mu_tomb_spiral,
          sprint_mu_vestibule_basic, sprint_mu_gehenna_hellfire,
          sprint_mu_dis_giant, sprint_mu_tartarus_statrot,
          sprint_mu_cocytus_islands, sprint_mu_zot1]

Skill      XL: |  1  2  3  4  5  6  7  8  9 |
---------------+----------------------------+-----
Earth Magic    | 8 9 10 13 14 15 | 15.3
Spellcasting   | 4 8 9 10 | 10.4
Invocations    | 6 7 9 10 | 10.4
Conjurations   | 3 5 7 |  7.8
Transmutations | 2 4 6 |  6.0
Fighting       | 1 |  1.8
Dodging        | 2 |  2.2
Stealth        | |  2.1

Action                   |  1- 3 |  4- 6 |  7- 9 || total
-------------------------+-------+-------+-------++-------
Melee: Unarmed           |    18 |       |       ||    18
       Club              |     1 |     3 |       ||     4
 Cast: Sandblast         |    10 |     7 |     3 ||    20
       Lee's Rapid Decon |       |     3 |    25 ||    28
Invok: Channel Magic     |       |       |     1 ||     1
  Use: Potion            |       |     1 |     1 ||     2
 Stab: Sleeping          |     3 |       |       ||     3
Armor: Robe              |     4 |       |       ||     4
Dodge: Dodged            |    10 |     2 |    11 ||    23

Table legend: (Time is in decaauts)
 A = Elapsed time spent in this place.
 B = Non-inter-level travel time spent in this place.
 C = Inter-level travel time spent in this place.
 D = Time resting spent in this place.
 E = Time spent auto-exploring this place.
 F = Levels seen in this place.
 G = Mean time per level.
                   A        B        C        D        E       F      G
               +--------+--------+--------+--------+--------+-----+--------+
         Total |   1831 |   1831 |      0 |   1414 |      0 |   1 | 1831.0 |
       Dungeon |   1831 |   1831 |      0 |   1414 |      0 |   1 | 1831.0 |
               +--------+--------+--------+--------+--------+-----+--------+

Top non-repeatable levels by time:
       D: 1831 daAuts
